 Dungeon Crawl Stone Soup version 0.28.0-53-g5a82cb258f (webtiles) character file.

Game seed: 13963482440384524310

17176 wingedge the Severer (level 12, -33/109 (111) HPs)
             Began as a Hill Orc Fighter on June 2, 2022.
             Was an Elder of Beogh.
             Annihilated by an orc knight
             ... wielding a +0 battleaxe
              (37 damage)
             ... on level 2 of the Orcish Mines on June 7, 2022.
             The game lasted 01:07:11 (16713 turns).

wingedge the Severer (Hill Orc Fighter)            Turns: 16713, Time: 01:07:12

HP:   -33/109 (111) AC: 20    Str: 36    XL:     12   Next: 45%
MP:   17/19         EV:  9    Int:  8    God:    Beogh [****..]
Gold: 1156          SH:  5    Dex: 10    Spells: 11/11 levels left

rFire   . . .      SeeInvis .   A - +1 battleaxe
rCold   . . .      Faith    .   (shield currently unavailable)
rNeg    . . .      Spirit   .   a - +3 chain mail
rPois   .          Reflect  +   (no helmet)
rElec   .          Harm     .   p - +0 cloak
rCorr   .          Rampage  .   (no gloves)
Will    .....                   s - +2 pair of boots
Stlth   ..........              q - amulet of reflection
HPRegen 0.28/turn               m - +6 ring of strength
MPRegen 0.16/turn               h - +6 ring of strength

@: lightly drained
A: no striking features
a: Renounce Religion, Smiting, Recall Orcish Followers


You were on level 2 of the Orcish Mines.
You worshipped Beogh.
Beogh was greatly pleased with you.
You visited 2 branches of the dungeon, and saw 13 of its levels.
You also visited: Bailey.

You collected 1364 gold pieces.
You spent 208 gold pieces at shops.

Inventory:

Hand Weapons
 b - a +0 dire flail of holy wrath
 A - a +1 battleaxe (weapon)
 H - a +1 broad axe
 I - a +3 arbalest
Missiles
 J - 27 bolts
Armour
 a - a +3 chain mail (worn)
 c - a +0 buckler
 i - a +0 plate armour
 p - a +0 cloak (worn)
 s - a +2 pair of boots (worn)
Jewellery
 f - an amulet of faith
 h - a +6 ring of strength (right hand)
 m - a +6 ring of strength (left hand)
 q - an amulet of reflection (around neck)
 r - a ring of ice
 u - an amulet of magic regeneration
 w - a ring of fire
Wands
 n - a wand of flame (8)
 D - a wand of paralysis (4)
 G - a wand of acid (5)
Scrolls
 t - a scroll of magic mapping
 x - 3 scrolls of silence
 F - a scroll of teleportation {unknown}
Potions
 d - 6 potions of curing
 j - a potion of resistance
 k - a potion of cancellation
 l - a potion of brilliance
 z - a potion of attraction
 B - a potion of might
 E - a potion of mutation


   Skills:
 + Level 11.6 Fighting
 * Level 15.5 Axes
 * Level 1.7 Crossbows
 * Level 12.2 Armour
 - Level 3.2 Shields
 + Level 9.9 Invocations


You had 11 spell levels left.
You didn't know any spells.
Your spell library contained the following spells:

 Spells                   Type           Power      Damage    Failure   Level
 Dazzling Flash           Conj/Hex       0%         N/A       98%         3
 Mephitic Cloud           Conj/Pois/Air  0%         N/A       98%         3
 Tukima's Dance           Hex            0%         N/A       98%         3
 Vampiric Draining        Necr           0%         2d6       98%         3
 Animate Armour           Summ/Erth      0%         N/A       100%        4
 Hailstorm                Conj/Ice       0%         3d3       100%        4
 Iskenderun's Mystic Bla  Conj/Tloc      0%         2d3       100%        4
 Passage of Golubria      Tloc           0%         N/A       100%        4
 Blade Hands              Tmut           0%         N/A       100%        5
 Fireball                 Conj/Fire      0%         3d3       100%        5
 Yara's Violent Unravell  Hex/Tmut       0%         3d3       100%        5
 Death Channel            Necr           0%         N/A       100%        6
 Iron Shot                Conj/Erth      0%         9d1       100%        6
 Starburst                Conj/Fire      0%         6d3       100%        6
 Lehudib's Crystal Spear  Conj/Erth      0%         10d2      100%        8
 Summon Horrible Things   Summ           0%         N/A       100%        8


Dungeon Overview and Level Annotations

Branches:
Dungeon (11/15)            Temple (0/1) D:7            Lair (0/6) D:8
    Orc (2/2) D:9             Elf (0/3) Orc:2        Bailey (visited)

Altars:
Elyvilon
Ru
Trog
Wu Jian
Beogh

Shops:
D:10 !

Annotations:
D:7 2 transporters, KittyFluff's ghost, novice GrBe


Message History

The orc high priest calls upon Beogh to heal the orc priest.
The orc priest's wounds heal themselves!
You barely miss the soul eater.
The soul eater is severely wounded.
You hit the orc warlord but do no damage.
You barely miss the orc knight.
An orc wizard appears from thin air!
Your orc warrior hits the soul eater but does no damage.
The orc knight hits you with a +0 battleaxe!!
* * * LOW HITPOINT WARNING * * *
The orc knight hits your orc knight with a +0 battleaxe!
Your orc knight dies!
The orc knight hits your orc with a +0 battleaxe!
Your orc dies!
The soul eater draws from the surrounding life force!
* * * LOW HITPOINT WARNING * * *
The monsters around the soul eater are drained of life!
Your orc wizard dies! x2; Your orc dies! x4; Your orc priest dies!
The soul eater is healed.
The orc wizard mumbles some strange words.
The orc wizard flickers and vanishes!
Deactivating autopickup; reactivate with Ctrl-A.
Your orc priest calls down the wrath of Beogh upon the orc knight.
The orc knight resists with significant effort.
You block the soul eater's attack.
The orc priest miscasts a cantrip.
The orc wizard barely misses your orc.
Your orc warrior barely misses the orc priest.
The orc knight barely misses your orc wizard.
The orc priest hits your orc warrior but does no damage.
Your orc warrior hits the soul eater with a +0 battleaxe!
Your orc warrior barely misses the soul eater.
Your orc wizard hits the soul eater with a +0 dagger.
Okay, then.
Unknown command.
You swap places.
The soul eater hits you!
* * * LOW HITPOINT WARNING * * *
Your orc warrior closely misses the soul eater.
The orc knight hits you with a +0 battleaxe!!!
You die...
Beogh appreciates the orc knight's killing of a heretic priest.

##.............#
#......).......#
#..............# ..
#..............######..
#..............#.......
#..........)...#.......
#.........)..))oooo....
#..........)o.oo33o....
##..........)o.@3oo4.{.
............))oo4oo.).
.............)oo33o.o)
.............#.o...{.
.............#...o3o.
............######)o
...........# .
...........#
..........#


You could see an orc warlord (strong), 3 orc knights, 3 soul eaters, an orc high
priest (strong), a sun demon (summoned), an orange demon (summoned), an ice
devil (summoned), a sixfirhy (summoned), a ynoxinul (summoned), 3 orc sorcerers,
3 orc warriors, 2 orc priests, 2 orc wizards, 4 friendly orc warriors, a
friendly orc priest (strong), 2 friendly orc wizards and a friendly orc
(strong).

Vanquished Creatures
  3 two-headed ogres
  3 death yaks
  The ghost of klau3 the Cleaver, a novice MiBe of Trog (D:6)
  2 orc knights
  A cyclops (Orc:2)
  An orc sorcerer (Orc:1)
  3 kobold demonologists
  A hornet (D:8)
  A meliai zombie (D:11)
  2 wyverns
  13 yaks
  2 steam dragons
  5 wargs
  2 water moccasins
  2 sky beasts (D:7)
  11 orc warriors
  4 ogres
  A necrophage (D:6)
  2 centaurs
  A phantom (D:6)
  5 kobold brigands
  A bullfrog (D:9)
  2 gnoll sergeants (D:10)
  2 scorpions
  A water moccasin zombie (D:5)
  A wyvern skeleton (D:6)
  10 killer bees
  An electric eel (D:10)
  4 howler monkeys
  5 wights (D:6)
  A spectral centaur (D:6)
  2 centaur zombies
  14 orc priests
  A gnoll shaman (D:7)
  4 hounds
  A bullfrog skeleton (D:6)
  A centaur skeleton (D:6)
  Jessica (D:2)
  2 iguanas
  11 orc wizards
  A killer bee zombie (D:7)
  A hound zombie (D:5)
  A howler monkey zombie (D:7)
  18 gnolls
  6 adders
  A white imp (D:7)
  A howler monkey simulacrum (D:6)
  3 worms
  A dart slug (D:1)
  36 orcs
  4 ball pythons
  3 endoplasms
  2 giant cockroaches
  20 goblins
  13 hobgoblins
  10 jackals
  21 kobolds
  A quokka (D:1)
  A bat (D:1)
  3 frilled lizards
  5 rats
283 creatures vanquished.

Vanquished Creatures (collateral kills)
  An orc warlord (Orc:1)
  An orc high priest (Orc:1)
  A yak (D:9)
  2 vampire mosquitoes (D:10)
  A warg (Orc:1)
  12 orc warriors
  A centaur (D:10)
  2 ogres
  2 kobold brigands (D:11)
  2 gnoll sergeants (D:10)
  A killer bee (D:10)
  2 gnoll shamans (D:10)
  4 orc priests
  6 orc wizards
  9 gnolls (D:10)
  7 orcs
  A jackal (D:10)
55 creatures vanquished.

Vanquished Creatures (others)
  An orc high priest (Orc:2)
  3 orc knights
  13 orc warriors
  6 orc priests
  5 orc wizards
  32 orcs
  A giant cockroach (D:3)
  A ball python (D:3)
  A rat (D:3)
  7 plants (D:10)
70 creatures vanquished.

Grand Total: 408 creatures vanquished

Notes
Turn   | Place    | Note
-------+----------+-------------------------------------------
     0 | D:1      | wingedge the Hill Orc Fighter began the quest for the Orb.
     0 | D:1      | Reached XP level 1. HP: 19/19 MP: 1/1
     0 | D:1      | Noticed an ice dragon
     1 | D:1      | Noticed an ice dragon
     2 | D:1      | Noticed a tentacled monstrosity
     4 | D:1      | Noticed an ice dragon
     8 | D:1      | Noticed a shadow dragon
    11 | D:1      | Noticed a large abomination
    11 | D:1      | Noticed a tentacled monstrosity
    15 | D:1      | Noticed an iron dragon
    15 | D:1      | Noticed an orb of fire
    15 | D:1      | Noticed an orb of fire
    17 | D:1      | Noticed an ice dragon
    17 | D:1      | Noticed a shadow dragon
    17 | D:1      | Noticed an iron dragon
    19 | D:1      | Noticed a red draconian
    19 | D:1      | Noticed a tentacled monstrosity
    50 | D:1      | Reached skill level 3 in Axes
   173 | D:1      | Reached XP level 2. HP: 24/27 MP: 2/2
   874 | D:1      | Reached skill level 4 in Axes
  1037 | D:1      | Reached XP level 3. HP: 31/33 MP: 3/3
  1177 | D:1      | Found a faded altar of an unknown god.
  1316 | D:2      | Got the Grimoire of the Twisted Escort
  1995 | D:2      | Noticed Jessica
  2004 | D:2      | Killed Jessica
  2005 | D:2      | Reached skill level 5 in Axes
  2005 | D:2      | Reached XP level 4. HP: 9/41 MP: 4/4
  2492 | D:3      | Became a worshipper of Beogh the Brigand
  2713 | D:3      | Reached XP level 5. HP: 47/47 MP: 5/5
  2817 | D:3      | Reached skill level 5 in Fighting
  2817 | D:3      | Reached skill level 6 in Axes
  2817 | D:3      | HP: 2/48 [orc priest/divine providence (16)]
  2830 | D:3      | HP: 2/48 [orc/+0 dagger (3)]
  3352 | D:4      | You fall into a shaft and drop 2 floors!
  3352 | D:6      | Noticed a steam dragon
  3357 | D:5      | Entered Level 5 of the Dungeon
  3366 | D:5      | Killed a steam dragon
  3366 | D:5      | Reached * piety under Beogh
  3367 | D:5      | Reached skill level 7 in Axes
  3367 | D:5      | Reached XP level 6. HP: 21/57 MP: 6/6
  4152 | D:4      | Reached XP level 7. HP: 62/63 MP: 7/7
  4205 | D:4      | Reached skill level 8 in Axes
  5079 | D:5      | Found a white marble altar of Elyvilon.
  5225 | D:5      | Found a sacrificial altar of Ru.
  5384 | D:6      | Reached skill level 5 in Armour
  5451 | D:6      | Reached XP level 8. HP: 71/71 MP: 8/8
  5523 | D:6      | Found an ornate altar of the Wu Jian Council.
  5546 | D:6      | Reached skill level 9 in Axes
  5953 | D:6      | Found a runed translucent gate.
  5953 | D:6      | Found a runed translucent gate.
  5955 | D:6      | Found a runed translucent gate.
  5958 | D:6      | Noticed klau3's ghost (novice MiBe)
  6968 | D:6      | Reached XP level 9. HP: 75/81 MP: 9/9
  6980 | D:6      | Killed klau3's ghost
  6981 | D:6      | Reached skill level 10 in Axes
  7506 | D:7      | Found a bloodstained altar of Trog.
  7791 | D:7      | Found a transporter.
  7800 | D:7      | Noticed KittyFluff's ghost (novice GrBe)
  7803 | D:7      | Found a bloodstained altar of Trog.
  7832 | D:7      | Noticed a moth of wrath
  7835 | D:7      | Reached ** piety under Beogh
  7841 | D:7      | Found a transporter.
  8193 | D:7      | Found a staircase to the Ecumenical Temple.
  8407 | D:8      | Noticed a two-headed ogre
  8418 | D:8      | Killed a two-headed ogre
  8419 | D:8      | Reached skill level 11 in Axes
  8419 | D:8      | Reached XP level 10. HP: 59/91 MP: 9/11
  8600 | D:8      | Found a flagged portal.
  8606 | Bailey   | Entered a bailey
  8853 | Bailey   | Noticed an orc knight
  8855 | Bailey   | Reached skill level 10 in Armour
  8874 | Bailey   | Killed an orc knight
  8875 | Bailey   | Reached skill level 12 in Axes
  9157 | Bailey   | Identified the amulet of Yqoaxzoi {RegenMP rCorr Str+5}
  9157 | Bailey   | Noticed an orc warlord
  9667 | D:8      | Noticed a two-headed ogre
  9688 | D:8      | Reached skill level 10 in Fighting
  9691 | D:8      | Killed a two-headed ogre
  9859 | D:8      | Reached skill level 13 in Axes
  9859 | D:8      | Reached skill level 5 in Invocations
 10187 | D:8      | Noticed a death yak
 10195 | D:8      | Noticed a death yak
 10197 | D:8      | Killed a death yak
 10198 | D:8      | Reached XP level 11. HP: 90/101 MP: 11/15
 10201 | D:8      | Noticed a death yak
 10239 | D:7      | Killed a death yak
 10666 | D:8      | Killed a death yak
 10920 | D:8      | Found a staircase to the Lair.
 11487 | D:9      | Reached skill level 14 in Axes
 12126 | D:9      | Reached *** piety under Beogh
 12195 | D:9      | Found a staircase to the Orcish Mines.
 13255 | D:10     | Entered Level 10 of the Dungeon
 13273 | D:10     | Gained Dorog as an ally
 14171 | D:10     | Found Yllemme's Distillery.
 14180 | D:10     | Bought a potion of mutation for 104 gold pieces
 14180 | D:10     | Bought a potion of might for 52 gold pieces
 14180 | D:10     | Bought a potion of might for 52 gold pieces
 14334 | D:10     | Noticed a two-headed ogre
 14339 | D:10     | Killed a two-headed ogre
 14674 | D:11     | Reached XP level 12. HP: 102/110 MP: 18/18
 14691 | D:11     | Reached **** piety under Beogh
 14726 | D:11     | Got Teow's Incunabulum of Damaging Contamination
 14876 | Orc:1    | Entered Level 1 of the Orcish Mines
 14981 | Orc:1    | Reached skill level 15 in Axes
 15261 | Orc:1    | Noticed an orc warlord
 15271 | Orc:1    | HP: 5/110 [orc warrior/+1 trident of venom (11)]
 15273 | Orc:1    | Killed an orc warlord
 15280 | Orc:1    | Gained Bogmar as an ally
 15284 | Orc:1    | Your ally Dorog died
 15729 | Orc:1    | Your ally Bogmar died
 16155 | Orc:1    | Found a roughly hewn altar of Beogh.
 16158 | Orc:1    | Noticed an orc high priest
 16161 | Orc:1    | Reached skill level 1 in Crossbows
 16167 | Orc:1    | Killed an orc high priest
 16465 | Orc:2    | Entered Level 2 of the Orcish Mines
 16466 | Orc:2    | Found a staircase to the Elven Halls.
 16698 | Orc:2    | Noticed an orc high priest
 16702 | Orc:2    | Noticed an orc high priest
 16703 | Orc:2    | Noticed a soul eater
 16703 | Orc:2    | Noticed an orc warlord
 16706 | Orc:2    | Noticed a soul eater
 16707 | Orc:2    | Noticed a soul eater
 16710 | Orc:2    | Noticed a sun demon
 16710 | Orc:2    | Noticed an orc high priest
 16713 | Orc:2    | HP: 4/109 [soul eater[an orc sorcerer] (7)]
 16713 | Orc:2    | Annihilated by an orc knight

Illustrated notes

Levels and vault maps discovered:
D:1:      shiori_arrival_whats_in_store_for_you, layout_basic,
          shapermc_ecumenical_altar_pompeii
D:2:      layout_loops_ring, kennysheep_generic_room_3, uniq_jessica
D:3:      cheibrodos_greedy_goblins, layout_rooms
D:4:      layout_basic
D:5:      layout_gridville, mainiacjoe_overflow_catch_the_wave
D:6:      layout_loops_ring, nicolae_wu_jian_wuxing_cycle,
          gammafunk_ghost_necromancy, grunt_decor_fettered
D:7:      layout_loops_ring, bloody_trog, minmay_temple_entry_from_below_a,
          gammafunk_ghost_wrathful_warriors
D:8:      layout_basic, dpeg_lair_monsters, enter_bailey_2,
          kennysheep_nondescript
D:9:      layout_layer_cave, erik_orc_4
D:10:     layout_cave_pools, serial_gnoll_camp, gnoll_camp_mini_hut,
          gnoll_camp_mini_basic, gnoll_camp_mini_shop, gnoll_camp_medium_01,
          gnoll_camp_mini_sergeant, chequers_big_river
D:11:     layout_stronghold, minmay_misc_feat_diagonals
Orc:1:    orc_temple, layout_diamond_mine
Orc:2:    st_orc_congregation, layout_diamond_mine

Skill      XL: |  1  2  3  4  5  6  7  8  9 10 11 12 |
---------------+-------------------------------------+-----
Axes           | 3 4 5 7 8 9 11 13 14 15 | 15.5
Fighting       | 4 5 6 7 9 10 11 | 11.6
Armour         | 5 7 9 10 11 12 | 12.2
Invocations    | 2 5 9 |  9.9
Crossbows      | 1 |  1.7
Shields        | |  3.2

Action                   |  1- 3 |  4- 6 |  7- 9 | 10-12 || total
-------------------------+-------+-------+-------+-------++-------
Melee: War axe           |    96 |   113 |    83 |       ||   292
       Hand axe          |       |       |   193 |    56 ||   249
       Battleaxe         |       |       |       |   384 ||   384
Invok: Convert to Beogh  |       |     1 |       |       ||     1
       Smiting           |       |       |       |    16 ||    16
  Use: Potion            |     2 |     2 |     2 |     9 ||    15
       Scroll            |       |     2 |     1 |     7 ||    10
 Stab: Confused          |       |       |       |     1 ||     1
Armor: Scale mail        |    45 |    57 |    62 |       ||   164
       Chain mail        |       |       |    42 |    21 ||    63
       Plate armour      |       |       |       |   216 ||   216
       Skin              |       |       |       |     4 ||     4
Dodge: Dodged            |    34 |    53 |    61 |   171 ||   319
Block: Buckler           |    21 |    29 |   102 |    28 ||   180
       Reflection        |       |       |     4 |     3 ||     7
       Other             |       |       |       |    92 ||    92
